AoeStats
← MattAtArms

Arabia

504009489Analyzed
1v1 RM · 1mo ago on Sep 3, 2026· 39m 15s· 2 players
Game mode
Random Map
Map size
Tiny (2 player)
Population
200
Speed
Normal
Resources
Standard
Victory
Conquest
Starting age
Dark Age
Ending age
Imperial Age
RankedLock teamsTeams togetherTeam positionsShared explorationLock speedFull tech treeHidden civsTurbo modeCheats
Victory
Defeat
🇨🇳 Chinese · China
2260
+3
🇬🇧 Burgundians · United Kingdom
1895
-3
MattAtArms
8:25 Feudal Age
7:14 Double-Bit Axe
8:21 Loom
9:48 Bow Saw
11:41 Horse Collar
19:00 Castle Age
17:21 Gold Mining
17:45 Fletching
18:06 Padded Archer Armor
19:41 Bodkin Arrow
19:34 Elite Skirmisher
21:17 Leather Archer Armor
21:57 Cavalier
24:09 Wheelbarrow
23:21 Town Watch
25:13 Scale Barding Armor
26:41 Ballistics
27:16 Husbandry
33:59 Forging
37:31 Imperial Age
35:17 Heavy Plow
37:44 Chain Barding Armor
38:05 Iron Casting
38:21 Bracer
39:22 Chemistry
40:16 Plate Barding Armor
我本善良
0:26 Loom
9:18 Feudal Age
9:57 Double-Bit Axe
18:45 Castle Age
17:15 Horse Collar
17:42 Gold Mining
18:44 Bloodlines
19:00 Fletching
19:48 Bow Saw
20:00 Padded Archer Armor
20:01 Husbandry
20:55 Bodkin Arrow
24:41 Wheelbarrow
26:05 Scale Mail Armor
27:14 Chain Mail Armor
27:06 Town Watch
27:37 Forging
28:53 Stone Mining
29:14 Squires
31:29 Iron Casting
31:47 Leather Archer Armor
37:10 Imperial Age
35:49 Ballistics
36:00 Heavy Plow
36:31 Arson
37:30 Hand Cart
37:55 Bracer
38:57 Chemistry
38:06 Thumb Ring
40:29 Two-Man Saw
Connection lost

Rejoining the realm…

Still unreachable

The connection could not be restored.

Session expired

The server has moved on; the page needs a fresh start.